 Dungeon Crawl Stone Soup version 0.28.0-1-gb440e238dd (webtiles) character file.

Game seed: 5049368616863022533

523 serioussanchez the Ruffian (level 7, -1/56 HPs)
             Began as a Ghoul Warper on Feb 23, 2022.
             Was a Believer of Dithmenos.
             Slain by an ufetubus (4 damage)
             ... on level 6 of the Dungeon.
             The game lasted 00:29:24 (3804 turns).

serioussanchez the Ruffian (Ghoul Warper)           Turns: 3804, Time: 00:29:25

Health: -1/56      AC:  1    Str: 19    XL:     7   Next: 22%
Magic:  4/9        EV: 12    Int: 14    God:    Dithmenos [**....]
Gold:   158        SH:  0    Dex:  8    Spells: 6/10 levels left

rFire   . . .      SeeInvis .     - Unarmed
rCold   + . .      Faith    .   (no shield)
rNeg    + + +      Spirit   .   a - +0 leather armour
rPois   ∞          Reflect  .   k - +2 hat of Fortification {Str+2}
rElec   .          Harm     .   (no cloak)
rCorr   .          Rampage  .   (no gloves)
Will    .....                   (no boots)
Stlth   +.........              d - amulet of regeneration
HPRegen 0.00/turn               e - +6 ring of intelligence
MPRegen 0.11/turn               (no ring)

@: corroded, inhibited regen, hasted, wreathed by umbra, very quick
A: claws 1, cold resistance 1, negative energy resistance 3, inhibited
regeneration, torment resistance 2
a: Renounce Religion, Shadow Step


You were on level 6 of the Dungeon.
You worshipped Dithmenos.
Dithmenos was pleased with you.
You visited 2 branches of the dungeon, and saw 7 of its levels.

You collected 158 gold pieces.

Inventory:

Armour
 a - a +0 leather armour (worn)
 k - the +2 hat of Fortification (worn) {Str+2}
   (You found it on level 2 of the Dungeon)

   Str:       It affects your strength (+2).
Jewellery
 d - an amulet of regeneration (around neck)
 e - a +6 ring of intelligence (left claw)
Wands
 j - a wand of paralysis (7)
 t - a wand of polymorph (5)
 w - a wand of iceblast (12)
Scrolls
 b - a scroll of blinking
 o - 2 scrolls of vulnerability {unknown}
 p - 2 scrolls of identify
 q - a scroll of fog
 r - a scroll of noise {unknown}
 s - a scroll of teleportation {unknown}
 u - a scroll of enchant weapon {unknown}
 v - a scroll of torment {unknown}
 x - a scroll of silence {unknown}
 y - a scroll of holy word {unknown}
Potions
 c - a potion of brilliance {unknown}
 f - a potion of degeneration
 g - 2 potions of lignification
 l - 2 potions of flight {unknown}
 m - a potion of might {unknown}
 n - a potion of berserk rage {unknown}


   Skills:
 + Level 2.6 Fighting
 - Level 1.0 Throwing
 - Level 1.7 Armour
 * Level 3.2 Dodging
 * Level 1.7 Stealth
 * Level 6.1 Unarmed Combat
 + Level 2.0 Spellcasting
 + Level 3.3 Translocations
 + Level 0.2 Air Magic
 + Level 0.5 Poison Magic


You had 6 spell levels left.
You knew the following spells:

 Your Spells              Type           Power      Damage    Failure   Level
a - Blink                 Tloc           20%        N/A       11%         2
b - Poisonous Vapours     Pois/Air       4%         N/A       36%         2

Your spell library contained the following spells:

 Spells                   Type           Power      Damage    Failure   Level
 Gell's Gravitas          Tloc           10%        N/A       22%         3
 Lesser Beckoning         Tloc           10%        N/A       22%         3
 Teleport Other           Tloc           10%        N/A       22%         3
 Magic Dart               Conj           4%         1d3       28%         1
 Corpse Rot               Necr/Air       2%         N/A       38%         2
 Ensorcelled Hibernation  Hex/Ice        2%         N/A       38%         2
 Manifold Assault         Tloc           10%        N/A       89%         5
 Anguish                  Hex/Necr       0%         N/A       95%         4
 Irradiate                Conj/Tmut      0%         3d13      100%        5
 Yara's Violent Unravell  Hex/Tmut       0%         3d3       100%        5
 Enfeeble                 Hex            0%         N/A       100%        7
 Spider Form              Tmut/Pois      Unusable   N/A       N/A         3

Dungeon Overview and Level Annotations

Branches:
Dungeon (6/15)             Temple (1/1) D:4

Altars:
Dithmenos
Elyvilon
Gozag
Kikubaaqudgha
Qazlal
Sif Muna
Trog
Vehumet
Xom
Yredelemnul
The Shining One

Shops:
D:1 *


Innate Abilities, Weirdness & Mutations

You thrive by killing the living.
You are immune to poison.
You have sharp fingernails.
Your flesh is cold resistant. (rC+)
You are immune to negative energy. (rN+++)
You do not regenerate when monsters are visible.
You are immune to unholy pain and torment.


Message History

You hear a shout!
You feel better.
You are engulfed in a cloud of scalding steam.
* * * LOW HITPOINT WARNING * * *
The ogre is engulfed in a cloud of scalding steam.
An orc warrior comes into view. It is wielding a +0 mace.
A gnoll comes into view. It is wielding a +0 club.
An ufetubus comes into view.
The orc warrior moves out of view.
The jelly quivers.
The gnoll shouts!
Found 3 gold pieces.
An ogre comes into view. It is wielding a +0 giant club.
The ufetubus closely misses you. The ufetubus misses you.
You scratch the ufetubus but do no damage.
You feel stable enough to blink again. The ufetubus closely misses you. x2
The jelly jiggles.
You scratch the ufetubus.
The ufetubus is almost dead.
The ufetubus hits you.
* * * LOW HITPOINT WARNING * * *
The ufetubus hits you.
* * * LOW HITPOINT WARNING * * *
You miss the ufetubus.
The ufetubus is almost dead.
The ufetubus hits you.
* * * LOW HITPOINT WARNING * * *
The ufetubus closely misses you. The wyvern skeleton closely misses you.
The ufetubus closely misses you. The ufetubus hits you.
* * * LOW HITPOINT WARNING * * *
The ufetubus misses you. The ufetubus closely misses you.
Found a scroll labelled CAOFYA CAPN. 3 wights and a killer bee come into view.
A wight is wielding a +4 morningstar of freezing.
A wight is wielding a +3 battleaxe of freezing.
Found a trident.
As you read the scroll labelled MEAMIO CUL UDOIP, it crumbles to dust.
The scroll dissolves into smoke.
It was a scroll of fog.
The ufetubus barely misses you. The ufetubus hits you.
You die...

# #........# #.
#........#
y#)###........#
.z............#
..z........?#
z§.§§.....#
###############§§§§....#
...........o...§@#
..#o..#...#...#5§#
!#5..#?#..J#.#...#
#.§.#.D5#...#S...#
.§.....gZ...OO...#
..#..B#...#...#..#
o#...#:#...#.#...#
#...#...#...#....#
............ ....#


You could see a water moccasin, 2 ogres, a jelly, an orc wizard and an ufetubus.

Vanquished Creatures
  A necrophage (D:5)
  Blork the orc (D:4)
  A water moccasin skeleton (D:4)
  A howler monkey (D:6)
  A centaur skeleton (D:6)
  A jelly (D:4)
  An orc priest (D:3)
  3 iguanas
  6 adders
  An ufetubus (D:6)
  4 dart slugs
  4 orcs
  3 ball pythons
  6 endoplasms
  5 giant cockroaches
  8 hobgoblins
  6 kobolds
  2 quokkas
  7 bats
  A frilled lizard (D:3)
  3 goblins
  5 rats
71 creatures vanquished.

Vanquished Creatures (others)
  2 plants (D:6)
2 creatures vanquished.

Grand Total: 73 creatures vanquished

Notes
Turn   | Place    | Note
-------+----------+-------------------------------------------
     0 | D:1      | serioussanchez the Ghoul Warper began the quest for the
                  | Orb.
     0 | D:1      | Reached XP level 1. HP: 17/17 MP: 2/2
    61 | D:1      | Reached XP level 2. HP: 15/24 MP: 3/3
   320 | D:1      | Found Ralubloell's General Store.
   500 | D:1      | Reached XP level 3. HP: 30/30 MP: 4/4
   602 | D:1      | Found a faded altar of an unknown god.
   610 | D:1      | Prayed at the altar of an unknown god.
   610 | D:1      | Became a worshipper of Dithmenos the Shadowed
   610 | D:1      | Reached * piety under Dithmenos
   721 | D:2      | Reached skill level 1 in Armour
   729 | D:2      | Learned a level 2 spell: Blink
   831 | D:2      | Identified the +2 hat of Fortification {Str+2}
   963 | D:2      | Got the Catalogue of Fetching Confrontation
  1070 | D:2      | Reached XP level 4. HP: 28/37 MP: 5/5
  1475 | D:3      | Reached skill level 3 in Unarmed Combat
  1570 | D:3      | Reached ** piety under Dithmenos
  1605 | D:3      | Reached skill level 1 in Throwing
  1865 | D:3      | Found a shimmering altar of Xom.
  1976 | D:3      | Reached XP level 5. HP: 42/42 MP: 6/6
  2164 | D:4      | Noticed Blork the orc
  2176 | D:4      | Found a bloodstained altar of Trog.
  2202 | D:4      | Killed Blork the orc
  2203 | D:4      | Reached skill level 4 in Unarmed Combat
  2329 | D:4      | Found a staircase to the Ecumenical Temple.
  2330 | D:4      | Found a shimmering blue altar of Sif Muna.
  2347 | Temple   | Entered the Ecumenical Temple
  2530 | D:4      | Reached XP level 6. HP: 50/50 MP: 7/7
  2534 | D:4      | Learned a level 2 spell: Poisonous Vapours
  2557 | D:4      | Reached skill level 5 in Unarmed Combat
  3049 | D:5      | Entered Level 5 of the Dungeon
  3092 | D:5      | Noticed a necrophage
  3136 | D:5      | Killed a necrophage
  3417 | D:5      | Reached skill level 1 in Stealth
  3417 | D:5      | Reached XP level 7. HP: 56/56 MP: 9/9
  3676 | D:6      | Reached skill level 6 in Unarmed Combat
  3767 | D:6      | Noticed a yak
  3768 | D:6      | Noticed a yak
  3769 | D:6      | Noticed a yak
  3770 | D:6      | Noticed a yak
  3783 | D:6      | Noticed a steam dragon
  3784 | D:6      | Noticed a boulder beetle
  3804 | D:6      | Slain by an ufetubus

Illustrated notes

Levels and vault maps discovered:
D:1:      dpeg_arrival_pits, layout_rooms, serial_shops, nicolae_shop_trees,
          ebering_ecumenical_altar_petrified, minmay_indecisive_spiral
D:2:      layout_rooms
D:3:      layout_basic, mainiacjoe_overflow_tiny_flanked
D:4:      layout_loops_ring, bloody_trog,
          mainiacjoe_overflow_concentric_impassable, minmay_temple_entry_mist,
          uniq_blork_the_orc
D:5:      layout_loops_ring
D:6:      cheibrodos_fzero, layout_basic, mainiacjoe_overflow_big_doors
Temple:   dshaligram_water_room_temple

Skill      XL: |  1  2  3  4  5  6  7 |
---------------+----------------------+-----
Translocations | 3 |  3.3
Dodging        | 2 3 |  3.2
Armour         | 1 |  1.7
Unarmed Combat | 3 4 5 6 |  6.1
Throwing       | 1 |  1.0
Spellcasting   | 2 |  2.0
Stealth        | 1 |  1.7
Fighting       | |  2.6
Air Magic      | |  0.2
Poison Magic   | |  0.5

Action                   |  1- 3 |  4- 6 |  7- 9 || total
-------------------------+-------+-------+-------++-------
Melee: Unarmed           |   121 |   133 |    17 ||   271
       Punch             |     4 |     5 |       ||     9
Throw: Boomerang         |       |     5 |       ||     5
 Cast: Blink             |       |     5 |     1 ||     6
       Poisonous Vapours |       |     4 |     2 ||     6
Evoke: Wand              |       |     2 |       ||     2
  Use: Scroll            |       |     3 |     1 ||     4
       Potion            |       |     2 |     2 ||     4
 Stab: Paralysed         |       |     6 |       ||     6
Armor: Leather armour    |    43 |    26 |     8 ||    77
Dodge: Dodged            |    83 |    73 |    23 ||   179
